 Dungeon Crawl Stone Soup version 0.25-a0-277-g7046ed1b37 (webtiles) character file.

Game seed: 5332317727237582703, levelgen mode: deterministic

159 Roikka the Chopper (level 5, -5/47 HPs)
             Began as a Minotaur Abyssal Knight on Dec 9, 2019.
             Was a Believer of Lugonu.
             Killed from afar by an orc wizard (7 damage)
             ... with a puff of frost
             ... on level 3 of the Dungeon.
             The game lasted 00:06:18 (2094 turns).

Roikka the Chopper (Minotaur Abyssal Knight)        Turns: 2094, Time: 00:06:19

Health: -5/47      AC:  9    Str: 17 (18) XL:     5   Next: 17%
Magic:  5/5        EV:  7    Int:  6 (9)  God:    Lugonu [**....]
Gold:   115        SH:  0    Dex:  6 (9)  Spells: 4/4 levels left

rFire    . . .     SeeInvis .   a - +1 hand axe
rCold    . . .     Gourm    .   (no shield)
rNeg     . . .     Faith    .   r - +0 chain mail
rPois    .         Spirit   .   (helmet restricted)
rElec    .         Reflect  .   (no cloak)
rCorr    .         Harm     .   (no gloves)
MR       .....                  (no boots)
Stlth    ..........             (no amulet)
HPRegen  0.15/turn              (no ring)
MPRegen  0.09/turn              (no ring)

@: lethally poisoned (-5 -> -61)
A: retaliatory headbutt, horns 2
a: Depart the Abyss, Bend Space, Renounce Religion


You were on level 3 of the Dungeon.
You worshipped Lugonu.
Lugonu was pleased with you.
You were not hungry.

You visited 1 branch of the dungeon, and saw 3 of its levels.
You visited the Abyss 1 time.

You collected 115 gold pieces.

Inventory:

Hand Weapons
 a - a +1 hand axe (weapon)
Armour
 r - a +0 chain mail (worn)
Jewellery
 s - a +4 ring of protection {unknown}
Scrolls
 b - a scroll of blinking {unknown}
 e - a scroll of random uselessness {unknown}
 f - 5 scrolls of teleportation {unknown}
 g - a scroll of identify {unknown}
 i - 4 scrolls of enchant armour {unknown}
 j - a scroll of fear {unknown}
 p - 3 scrolls of remove curse {unknown}
Potions
 d - 2 potions of degeneration
 h - a potion of lignification {unknown}
 l - a potion of haste {unknown}
 m - a potion of heal wounds {unknown}
 n - 2 potions of curing {unknown}
 o - a potion of invisibility {unknown}
 q - a potion of flight {unknown}
Comestibles
 c - 6 rations
 k - 2 chunks of flesh


   Skills:
 + Level 4.8 Fighting
 * Level 5.3 Axes
 - Level 3.0 Armour
 - Level 1.1 Dodging
 - Level 2.0 Invocations


You had 4 spell levels left.
You didn't know any spells.
Your spell library was empty.

Dungeon Overview and Level Annotations

Branches:
Dungeon (3/15)

Altars:
Ashenzari
Cheibriados

Annotations:
D:3 2 runed translucent doors, pentaxis93's ghost, amateur VSCK


Innate Abilities, Weirdness & Mutations

You reflexively headbutt those who attack you in melee.
You have a pair of horns on your head.


Message History

You hear some strange, mumbled words.
A magic dart appears from out of thin air!
The magic dart hits you.
* * * LOW HITPOINT WARNING * * *
Something hits you.
* * * LOW HITPOINT WARNING * * *
You are more poisoned.
You hit something.
* * * LOW HITPOINT WARNING * * *
You feel very sick. Something hits you but does no damage.
It was a potion of degeneration.
There was something very wrong with that liquid.
You feel weakened.
You feel dopey.
You feel clumsy.
* * * LOW HITPOINT WARNING * * *
You feel very sick.
You hear some strange, mumbled words.
A puff of frost appears from out of thin air!
The puff of frost hits you!
You die...

######## #.# #.
#......#########.## #.
#.##).............#####.
#.##.#.#.#.####.....[...
#.##<#.#.#.# #.....####.
#.##.[...#.# ##...## #.
#......###.# ##.## #.
####.#####.# ###.# ##
#.){@)..# #...#
#.#########..+## #.#
#......# #o# ###++###
#.# #...≈.≈.####


.oo ##..#.8≈≈#.### ... #.≈..§#≈#.'.. .. #.#..$.≈##.### ###.#.## ### There were
no monsters in sight!

Vanquished Creatures
  2 orc wizards (D:3)
  A gnoll (D:1)
  2 adders (D:2)
  A dart slug (D:1)
  2 leopard geckos (D:2)
  6 orcs (D:3)
  A ball python (D:1)
  3 giant cockroaches
  6 goblins
  8 hobgoblins
  10 jackals (D:1)
  8 kobolds
  A bat (D:2)
  4 frilled lizards
  5 rats (D:1)
60 creatures vanquished.

Notes
Turn   | Place    | Note
-------+----------+-------------------------------------------
     0 | Abyss:1  | Roikka the Minotaur Abyssal Knight began the quest for the
                  | Orb.
     0 | Abyss:1  | Reached XP level 1. HP: 19/19 MP: 1/1
    30 | D:1      | Escaped the Abyss
   233 | D:1      | Reached XP level 2. HP: 17/27 MP: 2/2
   394 | D:1      | Reached skill level 3 in Axes
   425 | D:1      | Reached ** piety under Lugonu
   700 | D:2      | Reached XP level 3. HP: 32/33 MP: 3/3
   934 | D:1      | Reached skill level 4 in Axes
   950 | D:1      | Found a snail-covered altar of Cheibriados.
  1449 | D:2      | Found a faded altar of an unknown god.
  1485 | D:2      | Reached XP level 4. HP: 33/41 MP: 4/4
  1971 | D:3      | Found a shattered altar of Ashenzari.
  2018 | D:3      | Found a large runed translucent door.
  2019 | D:3      | Found a large runed translucent door.
  2022 | D:3      | Noticed pentaxis93's ghost (amateur VSCK)
  2073 | D:3      | Reached skill level 5 in Axes
  2085 | D:3      | Reached XP level 5. HP: 41/47 MP: 5/5
  2094 | D:3      | HP: 2/47 [poisoned by an orc wizard]
  2094 | D:3      | Killed from afar by an orc wizard

Levels and vault maps discovered:
D:1:      nicolae_arrival_washed_ashore, layout_rooms, cheibriados_altar_1
D:2:      layout_basic, chequers_ecumenical_altar_simple_redux
D:3:      layout_loops_corners, tso_oasis_becter, ebering_ghost_disaster_area,
          first_ration, ashenzari_altar_1

Skill      XL: |  1  2  3  4 |
---------------+-------------+-----
Invocations    | 2 |  2.0
Axes           | 3 4 5 |  5.3
Fighting       | 4 |  4.8
Armour         | 3 |  3.0
Dodging        | |  1.1

Action                   |  1- 3 |  4- 6 || total
-------------------------+-------+-------++-------
Melee: Hand axe          |    96 |    49 ||   145
       Headbutt          |    13 |     6 ||    19
  Use: Potion            |       |     1 ||     1
  Eat: Chunk             |     2 |     2 ||     4
Armor: Leather armour    |    14 |       ||    14
       Scale mail        |     3 |    12 ||    15
       Chain mail        |       |    12 ||    12
Dodge: Dodged            |    54 |    12 ||    66

Table legend:
 A = Non-vault XP
 B = Vault XP
 C = Vault XP percentage of total XP
 D = Non-vault monster count
 E = Vault monster count
 F = Vault count percentage of total count
                 A         B        C        D         E       F
            +---------+---------+-------+---------+---------+-------
      Total |     228 |       0 |   0.0 |      60 |       0 |   0.0
            +---------+---------+-------+---------+---------+-------
        D:1 |      81 |       0 |   0.0 |      38 |       0 |   0.0
        D:2 |      48 |       0 |   0.0 |      13 |       0 |   0.0
        D:3 |      99 |       0 |   0.0 |       9 |       0 |   0.0
            +---------+---------+-------+---------+---------+-------
